 Dungeon Crawl Stone Soup version 0.22-a0-580-gd5db89c (webtiles) character file.

26 Amnesiac the Ducker (level 2, -2/16 HPs)
             Began as a Spriggan Monk on July 2, 2018.
             Slain by an adder (4 damage)
             ... on level 3 of the Dungeon.
             The game lasted 00:01:57 (497 turns).

Amnesiac the Ducker (Spriggan Monk)                  Turns: 497, Time: 00:01:58

Health: -2/16      AC:  2    Str:  7    XL:     2   Next: 89%
Magic:  3/3        EV: 20    Int: 11    God:
Gold:   41         SH:  0    Dex: 18    Spells: 1/1 levels left

rFire    . . .     SeeInvis +   a - +0 short sword
rCold    . . .     Gourm    .   (shield restricted)
rNeg     . . .     Faith    .   d - +0 robe
rPois    .         Spirit   .   (helmet restricted)
rElec    .         Reflect  .   (no cloak)
rCorr    .         Harm     .   (gloves unavailable)
MR       .....                  (boots unavailable)
Stlth    +++.......             (no amulet)
HPRegen  0.05/turn              (no ring)
MPRegen  0.08/turn              (no ring)

@: very quick
A: very small, unfitting armour, see invisible, herbivore, speed 3, slow
metabolism 2
a: no special abilities


You were on level 3 of the Dungeon.
You were not hungry.

You visited 1 branch of the dungeon, and saw 3 of its levels.

You collected 41 gold pieces.

Inventory:

Hand Weapons
 a - a +0 short sword (weapon)
 b - a +0 dagger
Armour
 d - a +0 robe (worn)
Potions
 e - a potion of berserk rage {!q, unknown}
Comestibles
 c - a ration


   Skills:
 - Level 2.4 Fighting
 * Level 3.9 Short Blades
 + Level 4.8 Dodging
 + Level 3.8 Stealth


You had one spell level left.
You didn't know any spells.
Your spell library was empty.

Dungeon Overview and Level Annotations

Branches:
Dungeon (3/15)

Altars:


Innate Abilities, Weirdness & Mutations

You are very small and have problems with some larger weapons.
You are too small for most types of armour.
You have supernaturally acute eyesight. (SInv)
You are a herbivore.
You cover ground extremely quickly.
You need to consume almost no food.


Message History

You closely miss the jackal. The jackal misses you. The jackal bites you.
You hit the jackal but do no damage. The jackal completely misses you.
You hit the jackal but do no damage.
The jackal bites you but does no damage.
You hit the jackal.
The jackal is moderately wounded.
The jackal barely misses you.
You hit the jackal but do no damage.
The jackal is moderately wounded.
The jackal closely misses you. The jackal misses you.
You hit the jackal.
The jackal is severely wounded.
The jackal bites you but does no damage.
You barely miss the jackal.
The jackal is severely wounded.
The jackal closely misses you.
You miss the jackal.
The jackal is severely wounded.
The jackal completely misses you.
You hit the jackal.
You kill the jackal!
The jackal completely misses you.
You hit the jackal.
The jackal is severely wounded.
The jackal misses you.
You hit the jackal.
You kill the jackal!
There is a stone staircase leading down here.
You climb downwards.
You hear the sound of rushing water.
There is an entrance to a sewer on this level.
Hurry and find it before the portal rusts away!
You hear the slow rusting of a drain nearby.
The river rat bites you!
* * * LOW HITPOINT WARNING * * *
There is a stone staircase leading up, spattered with blood here.
The rat closely misses you.
You completely miss the rat. The rat misses you.
The rat bites you but does no damage.
An adder comes into view.
Found a stone staircase leading up. 3 orcs come into view.
Found a robe.
The orc shouts!
Found a stone staircase leading up and a stone staircase leading down.
A quokka and a hobgoblin come into view.
The hobgoblin shouts!
You hear a shout!
Found a glowing scarf.
There is a stone staircase leading up here.
You climb upwards.
A kobold comes into view.
There is a stone staircase leading down here.
The helpless kobold fails to defend itself.
You puncture the kobold!
You kill the kobold!
You climb downwards.
You hear the sound of rushing water.
There is an entrance to a sewer on this level.
Hurry and find it before the portal rusts away!
The adder hisses angrily.
The quokka bites you.
* * * LOW HITPOINT WARNING * * *
The hobgoblin hits you with a club.
* * * LOW HITPOINT WARNING * * *
The adder bites you.
You die...

....o...#
#r#.<.......
.....[..#
#.##........
.......##
#.#######.##
.......####.# .#
###.##.##...# ..
. #...o...### ..
...##.....r.#
#.......r...#
#......@r...#
[.....gS........
#####....>.......
..............
..##.......####.
# ###....##
##.... ##....


You could see an adder, a river rat, an orc, a quokka, a hobgoblin and a rat.

Vanquished Creatures
  A river rat (D:3)
  A worm (D:3)
  4 jackals (D:2)
  4 bats (D:1)
  A frilled lizard (D:1)
  A goblin (D:1)
  3 kobolds
  A rat (D:3)
16 creatures vanquished.

Notes
Turn   | Place    | Note
-------+----------+-------------------------------------------
     0 | D:1      | Amnesiac the Spriggan Monk began the quest for the Orb.
     0 | D:1      | Reached XP level 1. HP: 11/11 MP: 2/2
     6 | D:1      | Noticed a black bear
     6 | D:1      | Noticed a hound
     6 | D:1      | Noticed a killer bee
     7 | D:1      | Noticed a salamander
     7 | D:1      | Noticed a swamp worm
   294 | D:3      | Reached XP level 2. HP: 14/16 MP: 3/3
   497 | D:3      | Slain by an adder

Vault maps used:
D:1:      onia_arrival_zoo_common
D:2:      uniq_robin
D:3:      lightli_sewer_entry_pipes, led_xom_imps, uniq_ijyb

Action                   || total
-------------------------++-------
Melee: Short sword       ||    59
       Dagger            ||    11
 Stab: Sleeping          ||     6
Armor: Robe              ||     9
Dodge: Dodged            ||    76

Table legend:
 A = Spawn XP
 B = Non-spawn XP
 C = Spawn XP percentage of total XP
 D = Spawn monster count
 E = Non-spawn monster count
 F = Spawn count percentage of total count
 G = Total turns spent on level
                    A         B        C        D         E        F      G
               +---------+---------+-------+---------+---------+-------+---------
         Total |       0 |      38 |   0.0 |       0 |      16 |   0.0 |   497
               +---------+---------+-------+---------+---------+-------+---------
           D:1 |       0 |       6 |   0.0 |       0 |       6 |   0.0 |   141
           D:2 |       0 |      10 |   0.0 |       0 |       6 |   0.0 |   252
           D:3 |       0 |      22 |   0.0 |       0 |       4 |   0.0 |   104
               +---------+---------+-------+---------+---------+-------+---------
